Map: 이페머론 - 래더

Players

Stats - Winner!

  • Race: Protoss Protoss
  • League: Grandmaster
  • Spawn Location: 5:00

Armani

  • Race: Zerg Zerg
  • League: Grandmaster
  • Spawn Location: 11:00

VOD

Have the link to the VOD?

Description

Time

  • Played on: Jan. 9, 2020, 4:12 a.m.
  • Length: 7:17
Show
View Real Time Build Order
Export as new Build Order

Stats Protoss - Winner!

Build Orders: 1 Gate Expand, Mass Adepts 

Get SALT Encoding   

  12  0:00  Probe  
  13  0:12  Probe  
  14  0:19  Pylon  
  14  0:24  Probe  
  14  0:27  Assimilator  
  15  0:37  Probe (Chrono Boost)  
  16  0:43  Gateway  
  16  0:48  Probe (Chrono Boost)  
  17  0:53  Probe (Chrono Boost)  
  18  1:03  Probe  
  19  1:15  Probe  
  20  1:22  Nexus  
  20  1:32  Cybernetics Core  
  20  1:34  Probe  
  21  1:40  Assimilator  
  21  1:47  Probe  
  22  1:50  Pylon  
  22  1:59  Probe  
  23  2:05  Adept (Chrono Boost)  
  25  2:10  Warp Gate  
  25  2:11  Probe  
  26  2:17  Twilight Council  
  26  2:23  Probe (Chrono Boost)  
  26  2:28  Stalker  
  29  2:34  Probe (Chrono Boost)  
  29  2:36  Probe (Chrono Boost)  
  31  2:44  Probe x2 (Chrono Boost)  
  33  2:48  Robotics Facility  
  33  2:52  Probe x2  
  33  2:58  Resonating Glaives (Chrono Boost)  
  35  3:08  Gateway  
  35  3:11  Gateway  
  35  3:15  Probe x2  
  37  3:23  Gateway  
  37  3:26  Gateway  
  37  3:29  Probe  
  37  3:30  Probe  
  39  3:36  Warp Prism (Chrono Boost)  
  41  3:43  Pylon  
  41  3:45  Probe  
  41  3:47  Probe  
  43  3:57  Probe  
  43  3:58  Pylon  
  43  3:59  Probe  
  43  4:02  Adept  
  47  4:04  Adept  
  47  4:06  Adept  
  51  4:16  Assimilator  
  51  4:17  Pylon  
  51  4:20  Probe  
  53  4:29  Adept x5  
  62  4:33  Pylon  
  62  4:35  Probe  
  63  4:47  Probe  
  63  4:50  Adept x3  
  63  4:51  Adept x2  
  74  5:00  Dark Shrine  
  74  5:01  Pylon  
  74  5:11  Adept x2  
  78  5:21  Adept  
  78  5:22  Adept x2  
  74  5:30  Probe x2  
  72  5:44  Warp Prism  
  72  5:45  Assimilator  
  72  5:54  Probe x2  
  58  6:12  Immortal (Chrono Boost)  
  58  6:13  Dark Templar  
  58  6:14  Dark Templar x3  
  60  6:19  Sentry  
  60  6:25  Gateway  
  64  6:26  Gateway  
  64  6:27  Gateway  
Show
View Real Time Build Order
Export as new Build Order

Armani Zerg 

Build Orders: Hatch First 

Get SALT Encoding   

  12  0:00  Drone  
  13  0:12  Overlord  
  13  0:16  Drone  
  14  0:30  Drone  
  14  0:31  Drone  
  16  0:48  Hatchery  
  15  0:52  Drone  
  15  0:55  Drone  
  17  1:01  Drone  
  18  1:10  Extractor  
  17  1:14  Spawning Pool  
  17  1:17  Drone  
  17  1:20  Drone  
  18  1:27  Drone  
  19  1:39  Drone  
  20  1:51  Hatchery  
  20  1:54  Drone  
  20  2:01  Queen  
  20  2:05  Drone  
  23  2:09  Drone  
  24  2:16  Queen  
  24  2:22  Overlord  
  26  2:27  Metabolic Boost  
  26  2:29  Drone  
  27  2:32  Zergling x2  
  28  2:42  Zergling x2, Drone  
  28  2:43  Drone  
  28  2:44  Drone  
  32  2:49  Queen  
  34  2:53  Drone  
  34  2:55  Drone  
  36  3:03  Queen  
  38  3:05  Drone x2  
  38  3:10  Overlord  
  40  3:15  Drone x2  
  42  3:28  Queen  
  42  3:29  Drone  
  42  3:30  Drone x4  
  49  3:34  Spore Crawler  
  49  3:37  Spore Crawler  
  47  3:42  Overlord  
  47  3:44  Drone x2  
  47  3:47  Drone  
  50  3:53  Roach Warren  
  50  3:54  Overlord  
  50  3:55  Drone  
  50  4:04  Drone  
  50  4:08  Extractor x2, Drone  
  50  4:10  Zergling x14  
  50  4:15  Spore Crawler  
  50  4:16  Drone x2  
  58  4:19  Zergling x2  
  58  4:20  Zergling x2  
  58  4:23  Zergling x6  
  61  4:31  Zergling x4  
  61  4:34  Lair  
  61  4:36  Roach  
  61  4:37  Overlord  
  65  4:41  Overlord  
  65  4:46  Overlord  
  65  4:57  Roach x4  
  65  4:59  Roach  
  75  5:00  Roach  
  75  5:04  Zergling x4  
  78  5:09  Roach  
  80  5:17  Roach  
  80  5:21  Roach x4  
  88  5:25  Zergling x4  
  78  5:29  Zergling x6  
  75  5:41  Zergling x6  
  74  5:49  Roach  
  73  5:52  Drone  
  73  5:55  Drone  
  70  6:10  Drone  
  63  6:14  Drone  
  57  6:23  Drone  
  58  6:28  Drone  
  58  6:30  Drone  
  60  6:33  Drone  
  60  6:34  Drone  
  60  6:36  Drone  
  60  6:37  Ravager  
  60  6:39  Overseer  
  64  6:41  Drone  
  64  6:45  Overseer  
  64  6:46  Drone  
  66  6:52  Drone  
  65  6:59  Drone x2  
  57  7:01  Drone  
Tags
 
Add a new tag
Caveats
  • Supply blocks, unpowered buildings, or Contaminate may cause inaccurate times.
  • Supply counts are checked every 10 seconds.